 Dungeon Crawl Stone Soup version 0.29-a0-993-g4a18f31a58 (webtiles) character file.

Game seed: 2700590714069108417

300 zeratav the Stinger (level 6, -6/36 HPs)
             Began as an Octopode Venom Mage on Aug 2, 2022.
             Mangled by an orc
             ... wielding a +2 flail of protection
              (9 damage)
             ... on level 5 of the Dungeon.
             The game lasted 00:05:42 (4657 turns).

zeratav the Stinger (Octopode Venom Mage)           Turns: 4657, Time: 00:05:43

Health: -6/36      AC:  5    Str:  7    XL:     6   Next: 36%
Magic:  9/9        EV: 13    Int: 19    God:
Gold:   175        SH:  0    Dex: 13    Spells: 2/9 levels left

rFire   . . .      SeeInvis .   s - +2 dagger (speed) {short}
rCold   . . .      Faith    .   (no shield)
rNeg    . . .      Spirit   .   (helmet restricted)
rPois   .          Reflect  .   (no amulet)
rElec   .          Harm     .   u - +4 ring of protection
rCorr   .          Rampage  .   (no ring)
Will    .....                   (no ring)
Stlth   ++++......              (no ring)
HPRegen 0.12/turn               (no ring)
MPRegen 0.11/turn               (no ring)
                                (no ring)
                                (no ring)

@: no status effects
A: almost no armour, amphibious, 8 rings, camouflage 1, gelatinous body 1,
(nimble swimmer 1), tentacles
a: no special abilities


You were on level 5 of the Dungeon.
You visited 1 branch of the dungeon, and saw 6 of its levels.

You collected 175 gold pieces.


Innate Abilities, Weirdness & Mutations

You cannot wear most types of armour.
You are amphibious.
You can wear up to eight rings at the same time.
Your skin changes colour to match your surroundings (Stealth+).
Your rubbery body absorbs attacks. (AC +1, EV +1)
((You are camouflaged when in or above water. (Stealth+)))
You have tentacles for arms and can constrict up to eight enemies at once.


   Skills:
 - Level 2.0 Dodging
 - Level 5.0 Stealth
 - Level 2.0 Spellcasting
 - Level 1.0 Transmutations
 + Level 7.5 Poison Magic


You had 2 spell levels left.
You knew the following spells:

 Your Spells              Type           Power      Damage    Failure   Level
a - Sting                 Tmut/Pois      72%        1d6       3%          1
b - Poisonous Vapours     Pois/Air       32%        N/A       5%          2
c - Olgreb's Toxic Radia  Pois           30%        N/A       8%          4

Your spell library contained the following spells:

 Spells                   Type           Power      Damage    Failure   Level
 Magic Dart               Conj           4%         1d3       17%         1
 Call Imp                 Summ           1%         N/A       26%         2
 Mephitic Cloud           Conj/Pois/Air  11%        N/A       19%         3

Inventory:

Hand Weapons
 s - a +2 dagger of speed (weapon) {short}
   (You took it off a kobold on level 2 of the Dungeon)
Jewellery
 u - a +4 ring of protection (left tentacle)
   (You found it on level 3 of the Dungeon)
 v - an amulet of regeneration
   (You found it on level 3 of the Dungeon)
Wands
 g - a wand of mindburst (15)
   (You found it on level 3 of the Dungeon)
Scrolls
 d - 5 scrolls of identify {unknown}
 f - a scroll of poison {unknown}
 h - 4 scrolls of teleportation {unknown}
 k - a scroll of fog {unknown}
 n - a scroll of fear {unknown}
 o - a scroll of enchant armour {unknown}
 p - a scroll of blinking {unknown}
 q - a scroll of vulnerability {unknown}
 r - 2 scrolls of enchant weapon {unknown}
Potions
 a - a potion of magic
 b - a potion of lignification {unknown}
 c - 2 potions of flight {unknown}
 e - a potion of invisibility {unknown}
 i - a potion of might {unknown}
 j - 4 potions of brilliance {unknown}
 l - 2 potions of degeneration {unknown}
 m - a potion of curing {unknown}
 t - 2 potions of berserk rage {unknown}
 w - a potion of attraction {unknown}

Dungeon Overview and Level Annotations

Branches:
Dungeon (6/15) Zot: 26889
 Temple: D:4-7

Altars:
Ashenzari
Fedhas
Makhleb
Sif Muna

..... .$...##
.....##.....###
..............#.
.............
........... ##..w.o..#
...#..oo##..#
#.....o@o...##
#...##.......# ...
.............###...
................. #
#...#.#..#..####.# .#
##..#.####.#####.##...
#......#..#.#........
#.....#..........#
........####....#


You could see an orc priest, a dart slug and 3 orcs.


Message History

There is an entrance to an ossuary on this level.
Hurry and find it before the portal is buried!
There is a stone staircase leading down here.
You hit the water moccasin. Your grab misses the water moccasin.
Your squeeze misses the water moccasin. The water moccasin bites you.
HP[-1]
You take 1 damage, and now have 30/31 hp.
You hit the water moccasin but do no damage.
You grab the water moccasin. You squeeze the water moccasin!
You constrict the water moccasin, but do no damage.
The water moccasin bites you but does no damage.
HP[+1]
Your hp is fully restored (31).
You hit the water moccasin. Your squeeze misses the water moccasin.
You constrict the water moccasin. The water moccasin closely misses you.
You hit the water moccasin. You squeeze the water moccasin.
You constrict the water moccasin, but do no damage.
You hit the water moccasin. Your squeeze misses the water moccasin.
You constrict the water moccasin, but do no damage.
The water moccasin bites you.
HP[-1]
You take 1 damage, and now have 30/31 hp.
You barely miss the water moccasin.
You constrict the water moccasin, but do no damage.
The water moccasin completely misses you.
You hit the water moccasin.
You constrict the water moccasin, but do no damage.
The water moccasin bites you!
HP[-8]
You take 8 damage, and now have 22/31 hp.
MASSIVE DAMAGE!! (PAUSE)
You hit the water moccasin.
You kill the water moccasin!
Your Poison Magic skill increases to level 7!
You have reached level 6!
HP[+4] MP[+1]
You now have 36 max hp (+5).
You regained 4 hp, and now have 26/36 hp.
Your mp is fully restored (9).
You start resting.
You hear the slow hiss of a distant avalanche of sand.
HP[+5]
You regained 5 hp, and now have 31/36 hp.
You start resting.
HP[+5]
Your hp is fully restored (36).
An orc comes into view. It is wielding a +0 mace.
Found a stone staircase leading down.
You hear the slow hiss of a very distant avalanche of sand.
An orc comes into view. It is wielding a +0 club.
The orc shouts!
You hear a shout!
An orc priest comes into view. It is wielding a +0 hand axe.
An orc comes into view.
It is wielding a +2 flail of protection.
The orc shouts!
The orc priest shouts!
A dart slug comes into view.
The orc priest casts a cantrip, but nothing happens.
An orc comes into view. It is wielding a +0 mace.
The orc hits you with a +0 mace!
The orc hits you with a +2 flail of protection!
HP[-16]
You take 16 damage, and now have 20/36 hp.
MASSIVE DAMAGE!! (PAUSE)
The orc shouts!
You hit the orc. You grab the orc. You squeeze the orc. You constrict the orc.
You hit the orc but do no damage. You constrict the orc.
You kill the orc!
The orc closely misses you.
You hit the orc priest but do no damage.
You grab the orc priest. You squeeze the orc priest.
You constrict the orc priest, but do no damage.
The orc priest barely misses you.
You hit the orc priest but do no damage.
You constrict the orc priest, but do no damage.
The orc priest closely misses you. The orc misses you.
The orc hits you with a +0 mace.
* * * LOW HITPOINT WARNING * * *
You are too injured to fight recklessly!
HP[-2]
You take 2 damage, and now have 18/36 hp.
You are too injured to fight recklessly!
You are too injured to fight recklessly!
You are too injured to fight recklessly!
You hit the orc priest. You squeeze the orc priest.
You constrict the orc priest.
You hit the orc priest but do no damage.
You tentacle-slap the orc priest, but do no damage.
You constrict the orc priest. The orc hits you but does no damage.
The orc priest invokes the aid of Beogh against you.
Beogh smites you!
* * * LOW HITPOINT WARNING * * *
The orc hits you with a +0 mace.
* * * LOW HITPOINT WARNING * * *
HP[-14]
You take 14 damage, and now have 4/36 hp.
MASSIVE DAMAGE!! (PAUSE)
You hit the orc priest but do no damage.
You constrict the orc priest, but do no damage.
The orc hits you with a +0 club.
* * * LOW HITPOINT WARNING * * *
The orc hits you with a +2 flail of protection!
You die...

Skill      XL: |  1  2  3  4  5 |
---------------+----------------+-----
Stealth        | 3 4 5 |  5.0
Poison Magic   | 4 5 7 |  7.5
Dodging        | |  2.0
Spellcasting   | |  2.0
Transmutations | |  1.0

Action                   |  1- 3 |  4- 6 || total
-------------------------+-------+-------++-------
Melee: Unarmed           |    12 |       ||    12
       Constrict         |    15 |    30 ||    45
       Tentacles         |     7 |   135 ||   142
       Dagger            |    41 |   452 ||   493
       Punch             |       |     7 ||     7
 Cast: Sting             |    24 |    16 ||    40
       Poisonous Vapours |     4 |     3 ||     7
 Stab: Sleeping          |     7 |     9 ||    16
Armor: Skin              |     7 |    14 ||    21
Dodge: Dodged            |    45 |    52 ||    97

Levels and vault maps discovered:
D:1:      saegor_arrival_miasma, layout_basic, basic_ecumenical_altar
D:2:      layout_loops_ring, lexackson_kobold_supper
D:3:      layout_loops_ring, fedhas_altar_1, mainiacjoe_overflow_chevrons,
          nicolae_ashenzari_panopticon, tgw_sif, dk_noncrumbling_4
D:4:      layout_loops_cross, minmay_temple_entry_junction_2,
          nicolae_shop_overcharged_wands, uniq_ijyb, uniq_blork_the_orc
D:5:      layout_cave_pools, pdpol_wu_jian_five_deadly_venoms, enter_ossuary_1
D:6:      layout_loops_ring, kennysheep_slug_shrine, grunt_dithmenos_shadows,
          minmay_misc_feat_five, grunt_tough_drop

Notes
Turn   | Place    | Note
-------+----------+-------------------------------------------
     0 | D:1      | zeratav the Octopode Venom Mage began the quest for the
                  | Orb.
     0 | D:1      | Reached XP level 1. HP: 11/11 MP: 3/3
     0 | D:1      | magus.rc [v1.9.6]
    87 | D:1      | Reached skill level 3 in Stealth
   274 | D:1      | You pick up a book of Minor Magic and begin reading...
   274 | D:1      | You add the spells Magic Dart and Call Imp to your library.
   328 | D:1      | Reached XP level 2. HP: 7/17 MP: 3/5
   329 | D:1      | HP: 4/17 [ball python (3)]
   331 | D:1      | Reached skill level 4 in Poison Magic
  1164 | D:1      | Reached XP level 3. HP: 17/21 MP: 6/6
  1354 | D:1      | Learned a level 2 spell: Poisonous Vapours
  1360 | D:1      | Reached skill level 4 in Stealth
  1438 | D:1      | Found a faded altar of an unknown god.
  1513 | D:2      | HP: 3/21 [gnoll/+0 whip (8)]
  1946 | D:2      | Reached XP level 4. HP: 27/27 MP: 0/7
  2143 | D:2      | Reached skill level 5 in Poison Magic
  2433 | D:2      | Reached skill level 5 in Stealth
  2471 | D:2      | Upgraded the game from 0.29-a0-982-gaed3a0c8d8 to
                  | 0.29-a0-993-g4a18f31a58
  2471 | D:2      | magus.rc [v1.9.6]
  3023 | D:3      | Found a burning altar of Makhleb.
  3129 | D:3      | Found a blossoming altar of Fedhas.
  3209 | D:3      | Found a broken altar of Ashenzari.
  3323 | D:3      | Reached XP level 5. HP: 14/31 MP: 3/8
  3590 | D:3      | Reached skill level 6 in Poison Magic
  3609 | D:3      | HP: 7/31 [orc/+0 club (3)]
  3610 | D:3      | HP: 2/31 [orc/+0 club (5)]
  3921 | D:3      | Learned a level 4 spell: Olgreb's Toxic Radiance
  4371 | D:3      | Noticed Jessica
  4377 | D:3      | Found a shimmering blue altar of Sif Muna.
  4379 | D:3      | Killed Jessica
  4473 | D:4      | You fall into a shaft and drop 2 floors!
  4538 | D:6      | Noticed a water moccasin
  4539 | D:6      | Noticed an ogre
  4542 | D:5      | Entered Level 5 of the Dungeon
  4550 | D:5      | Killed a water moccasin
  4551 | D:5      | Reached skill level 7 in Poison Magic
  4551 | D:5      | Reached XP level 6. HP: 26/36 MP: 9/9
  4656 | D:5      | HP: 6/36 [orc priest/divine providence (12)]
  4657 | D:5      | Mangled by an orc

Vanquished Creatures
  A water moccasin (D:5)
  An orc priest (D:3)
  Jessica (D:3)
  3 gnolls (D:2)
  An adder (D:2)
  2 worms (D:3)
  4 dart slugs
  11 orcs
  2 ball pythons (D:1)
  6 bats
  4 endoplasms
  4 giant cockroaches
  3 goblins
  3 hobgoblins (D:1)
  2 jackals (D:3)
  10 kobolds
  7 quokkas
  2 frilled lizards (D:2)
  11 rats
  3 bushes (D:2)
81 creatures vanquished.

Vanquished Creatures (others)
  6 plants (D:2)
6 creatures vanquished.

Grand Total: 87 creatures vanquished

Table legend:
 A = Non-vault XP
 B = Vault XP
 C = Vault XP percentage of total XP
 D = Non-vault monster count
 E = Vault monster count
 F = Vault count percentage of total count
                 A         B        C        D         E       F
            +---------+---------+-------+---------+---------+-------
      Total |     383 |      46 |  10.7 |      69 |       9 |  11.5
            +---------+---------+-------+---------+---------+-------
        D:1 |      48 |       0 |   0.0 |      26 |       0 |   0.0
        D:2 |      82 |       9 |   9.9 |      20 |       8 |  28.6
        D:3 |      99 |      37 |  27.2 |      21 |       1 |   4.5
        D:5 |     154 |       0 |   0.0 |       2 |       0 |   0.0
            +---------+---------+-------+---------+---------+-------

Illustrated notes

Table legend:
 A = Kills in this place as a percentage of kills in entire the game.
 B = Kills by you in this place as a percentage of kills by you in the entire game.
 C = Kills by friends in this place as a percentage of kills by friends in the entire game.
 D = Other kills in this place as a percentage of other kills in the entire game.
 E = Experience gained in this place as a percentage of experience gained in the entire game.
 F = Experience gained in this place divided by the number of levels of this place that you have seen.
                   A       B       C       D       E      F
               +-------+-------+-------+-------+-------+----------------------
         Total | 100.0 | 100.0 |   N/A |   N/A | 100.0 |  71.5
       Dungeon | 100.0 | 100.0 |   N/A |   N/A | 100.0 |  71.5
               +-------+-------+-------+-------+-------+----------------------

Table legend: (Time is in decaauts)
 A = Elapsed time spent in this place.
 B = Non-inter-level travel time spent in this place.
 C = Inter-level travel time spent in this place.
 D = Time resting spent in this place.
 E = Time spent auto-exploring this place.
 F = Levels seen in this place.
 G = Mean time per level.
                   A        B        C        D        E       F      G
               +--------+--------+--------+--------+--------+-----+--------+
         Total |   4516 |   4334 |    182 |   1146 |   2428 |   6 |  752.7 |
       Dungeon |   4516 |   4334 |    182 |   1146 |   2428 |   6 |  752.7 |
               +--------+--------+--------+--------+--------+-----+--------+

Top non-repeatable levels by time:
     D:1: 1714 daAuts
     D:3: 1417 daAuts
     D:2: 1187 daAuts
     D:5: 110 daAuts
     D:6: 68 daAuts
     D:4: 19 daAuts
